Cogmind - Beta 15 @@@ ROGUE MODE // 2025.08.24 @ 21:27:55 Player: StaticNoob Result: Destroyed by Enhanced Grunt with Neutron Cannon Performance ------------- Evolutions (4) 2000 Regions Visited (14) 2800 Robots Destroyed (174) 870 Value Destroyed (5935) 5935 Prototype IDs (217) 4340 Alien Tech Used (1) 200 Bonus (4141) 4141 TOTAL SCORE: 20286 Bonus ------- Follower Combat Kills 372 Met Data Miner 300 Used Data Conduit 3000 Met Imprinter 300 Was Imprinted 300 Friendly Fire -131 Cogmind --------- Core Integrity 0/850 Matter 300/300 Energy 32/100 System Corruption 0% Temperature Cool (0) Movement Core (50) Location -6/Data Miner Parts ------- > --- POWER (2) -------- (None) > --- PROPULSION (4) --- (None) > --- UTILITY (6) ------ Improved Targeting Computer > --- WEAPON (4) ------- (None) > --- INVENTORY (5) ---- High-powered Tractor Beam Gauss Rifle Flak Gun Hypervelocity Gauss Rifle Heavy Missile Launcher Peak State ------------ > --- POWER ------------ Micro Nuclear Core Angular Momentum Engine > --- PROPULSION ------- Armored Treads Armored Treads Medium Treads Carbon-fiber Leg > --- UTILITY ---------- Advanced Heat Sink High-capacity Storage Unit Improved Targeting Computer Improved Particle Charger Weapon Cycler Transmission Jammer > --- WEAPON ----------- Heavy EM Shotgun Heavy EM Shotgun Proton Cannon Heavy Ion Cannon > --- INVENTORY -------- Light Fission Core Improved Cryofiber Web High-capacity Matter Pod High-capacity Matter Pod Hardened Light Armor Plating Hacking Suite High-powered Tractor Beam Thief Drone Bay Beamcaster Minigun Gauss Rifle Gauss Rifle Flak Gun Flak Gun Flak Gun Hypervelocity Gauss Rifle Hypervelocity Gauss Rifle Heavy Missile Launcher CR-A16's Pointy Stick [Rating: 67] Favorites ----------- Power Angular Momentum Engine Engine Angular Momentum Engine Power Core Micro Nuclear Core Propulsion Armored Treads Treads Armored Treads Leg Carbon-fiber Leg Utility Improved Targeting Computer Device Improved Heat Sink Storage High-capacity Storage Unit Processor Improved Targeting Computer Protection Hardened Light Armor Plating Weapon Flak Gun Energy Gun Heavy EM Shotgun Energy Cannon Heavy Ion Cannon Ballistic Gun Flak Gun Launcher Heavy Missile Launcher Piercing Weapon CR-A16's Pointy Stick Build | -11 -10 -10 -9 -9 -8 -7 -7 -7 -7 -6 -6 -6 -6 -6 ------- Run | Yrd Mat Min Mat Min Mat Fac Low Low Zio Pro Fac Low Low Dat Slots Evolved 8 | . . . 2 . 2 2 . . . . 2 . . . Power 1 | . . . . . . . . . . . 1 . . . Propulsion 2 | . . . 1 . . . . . . . 1 . . . Utility 4 | . . . . . 2 2 . . . . . . . . Weapon 1 | . . . 1 . . . . . . . . . . . Parts Attached 107 | 7 11 7 20 2 14 14 . 5 1 10 2 2 12 . Power 14 | 1 1 1 4 . . 1 . . . 2 . 1 3 . Engine 9 | 1 . 1 3 . . . . . . 1 . 1 2 . Core 5 | . 1 . 1 . . 1 . . . 1 . . 1 . Reactor . | . . . . . . . . . . . . . . . Propulsion 28 | 2 4 1 9 . 3 4 . . . 3 . . 2 . Treads 27 | 2 4 1 9 . 3 4 . . . 3 . . 1 . Leg 1 | . . . . . . . . . . . . . 1 . Wheel . | . . . . . . . . . . . . . . . Hover . | . . . . . . . . . . . . . . . Flight . | . . . . . . . . . . . . . . . Utility 27 | 2 2 2 1 1 4 5 . 2 1 3 1 . 3 . Device 19 | 1 . 2 . . 3 4 . 2 1 3 1 . 2 . Storage 4 | 1 1 . 1 . 1 . . . . . . . . . Processor 3 | . 1 . . 1 . 1 . . . . . . . . Hackware . | . . . . . . . . . . . . . . . Protection 1 | . . . . . . . . . . . . . 1 . Artifact . | . . . . . . . . . . . . . . . Weapon 38 | 2 4 3 6 1 7 4 . 3 . 2 1 1 4 . Energy Gun 2 | . . . . . 2 . . . . . . . . . Energy Cannon 3 | . . . . . . 1 . . . . . . 2 . Ballistic Gun 27 | 2 3 2 6 1 4 3 . 2 . 2 . 1 1 . Ballistic Cannon . | . . . . . . . . . . . . . . . Launcher 5 | . 1 1 . . 1 . . 1 . . . . 1 . Special Weapon . | . . . . . . . . . . . . . . . Impact Weapon . | . . . . . . . . . . . . . . . Slashing Weapon . | . . . . . . . . . . . . . . . Piercing Weapon 1 | . . . . . . . . . . . 1 . . . Special Melee Weapon . | . . . . . . . . . . . . . . . Unidentified Prototypes 3 | . . 1 . . . 1 . . . . . . 1 . Parts Lost 44 | . 2 4 2 . 1 5 . 1 . 4 . 6 7 12 Power 8 | . . 1 1 . . . . . . 1 . 1 2 2 Propulsion 14 | . 2 1 . . . 1 . . . 1 . 3 2 4 Utility 13 | . . 1 . . . 3 . . . 2 . 1 2 4 Weapon 9 | . . 1 1 . 1 1 . 1 . . . 1 1 2 Highest Loss Streak 12 | . 2 3 1 . 1 2 . 1 . 2 . 4 3 12 To Critical Strikes 2 | . . . . . . . . . . . . 1 1 . Average Backups 17 | 1 8 11 13 15 18 18 20 19 20 19 17 17 19 19 Power 1 | . 1 1 . 1 1 . 2 2 2 1 1 1 . 1 Propulsion 2 | . 1 3 3 4 4 3 4 4 4 4 3 1 . . Utility 5 | . 2 4 4 5 6 6 8 7 6 5 5 6 6 6 Weapon 7 | . 3 3 4 5 6 7 6 5 7 8 8 8 12 10 Tool/Special . | . . . . . . . . . . . . . . . Unused Backups 33 | . 1 1 5 1 4 4 . . 1 3 . . 2 11 Power 5 | . . . 1 . . 1 . . . . . . 1 2 Propulsion 6 | . 1 1 1 . 2 . . . . 1 . . . . Utility 6 | . . . 1 1 . . . . . . . . . 4 Weapon 16 | . . . 2 . 2 3 . . 1 2 . . 1 5 Tool/Special . | . . . . . . . . . . . . . . . Average Slot Usage (%) 97 | . 96 89 99 100 99 99 100 99 100 99 99 99 94 96 Engine 7 | . 6 10 8 11 9 4 . . . 2 6 8 11 11 Core 2 | . 7 1 2 . . 2 7 7 7 4 6 3 1 . Treads 24 | . 24 28 32 33 27 22 23 23 23 22 25 25 21 17 Device 18 | . . 5 11 7 17 22 23 23 23 27 26 26 21 24 Storage 8 | . 14 14 11 11 9 7 7 7 7 7 6 6 6 5 Processor 8 | . 13 1 . 3 9 14 15 15 15 9 6 6 6 6 Protection 1 | . . . . . . . . . . . . . 3 . Energy Gun 1 | . . . . . . . . . . . . . 3 11 Energy Cannon 1 | . . . . . . . . . . . . . 3 11 Ballistic Gun 21 | . 27 24 32 33 26 22 23 22 23 22 19 19 11 . Peak Build Rating 67 | 7 15 17 27 28 35 54 48 49 49 51 55 57 67 67 Average Rating 42 | 5 9 11 20 27 32 50 48 47 49 49 54 55 58 63 On Entrance 36 | . 7 15 14 27 27 35 48 48 49 49 49 55 57 67 Naked Turns . | . . . . . . . . . . . . . . . Heaviest Build 94 | 14 31 34 39 39 63 65 61 61 60 66 71 79 94 94 Greatest Support 90 | 40 46 46 66 60 60 84 76 76 76 76 90 90 88 68 Greatest Overweight (x) 1 | . 1 . . . 1 1 . . . . 1 . 1 1 Average Overweight (x) . | . . . . . . . . . . . . . . . Largest Inventory Capacity 20 | 8 15 15 15 15 20 20 20 20 20 20 20 20 20 20 Average Capacity 18 | 7 11 15 15 15 19 20 20 20 20 20 20 20 20 19 Most Carried 20 | 2 15 15 15 15 20 20 20 20 20 20 18 19 20 20 Average Carried 17 | 1 8 11 13 14 18 18 20 19 19 19 17 17 19 19 Final Capacity 20 | 8 15 15 15 15 20 20 20 20 20 20 20 20 20 5 Final Carried 20 | 2 15 11 15 15 20 20 20 20 20 19 18 18 20 5 Class Distribution -------------------- 32% | Scavenger-Gunner 27% | Gunner 25% | Skirmisher 10% | Mutant 4% | Scavenger-Skirmisher Dominant Class ---------------- Mutant | -10/Materials Mutant | -10/Mines Gunner | -9/Materials Gunner | -9/Mines Gunner | -8/Materials Skirmisher | -7/Factory Scavenger-Gunner | -7/Lower Caves Skirmisher | -7/Lower Caves Skirmisher | -7/Zion Skirmisher | -6/Proximity Caves Scavenger-Skirmisher | -6/Factory Skirmisher | -6/Lower Caves Scavenger-Gunner | -6/Lower Caves Scavenger-Gunner | -6/Data Miner Resources | -11 -10 -10 -9 -9 -8 -7 -7 -7 -7 -6 -6 -6 -6 -6 ----------- Run | Yrd Mat Min Mat Min Mat Fac Low Low Zio Pro Fac Low Low Dat Matter Collected 7062 | 176 501 137 1098 287 1498 1150 . 99 20 535 197 509 855 . Remotely 1293 | . . . . . . 772 . 99 20 402 . . . . Salvage Created 6937 | 37 623 165 1294 193 1614 1147 . 41 . 583 168 369 703 . Parts 376 | 6 34 8 83 13 96 64 . 4 . 26 7 9 26 . Haulers Intercepted 8 | . 2 . 1 . 4 . . . . . 1 . . . Recyclers Shooed . | . . . . . . . . . . . . . . . Parts Field Recycled . | . . . . . . . . . . . . . . . Retrieved Matter . | . . . . . . . . . . . . . . . Parts Self-Destructed 48 | . . . . . . . 2 3 . 22 . 10 11 . Prevented 21 | . . . . . . . . . . 9 . . 12 . Kills | -11 -10 -10 -9 -9 -8 -7 -7 -7 -7 -6 -6 -6 -6 -6 ------- Run | Yrd Mat Min Mat Min Mat Fac Low Low Zio Pro Fac Low Low Dat Combat Hostiles Destroyed 159 | . 12 21 28 7 27 22 . 4 . 13 2 10 13 . Melee 1 | . . . . . . . . . . . 1 . . . Guns 128 | . 12 4 26 7 24 22 . . . 9 1 10 13 . AOE 28 | . . 17 2 . 2 . . 4 . 3 . . . . Classes Destroyed 18 | 1 4 3 2 1 2 2 . . . 2 . 1 . . Worker 4 | . 1 . 1 . . 1 . . . . 1 . . . Builder 3 | . . . 2 . 1 . . . . . . . . . Tunneler 2 | 2 . . . . . . . . . . . . . . Hauler 8 | . 2 . 1 . 4 . . . . . 1 . . . Recycler 4 | . . 1 1 . 1 1 . . . . . . . . Operator 1 | . . . . . . 1 . . . . . . . . Drone 1 | . . . . . . . . . . 1 . . . . Watcher 10 | . 1 . 4 . 3 2 . . . . . . . . Swarmer 36 | . . 3 11 4 4 4 . 4 . 4 . 2 . . Grunt 62 | . 12 . 8 2 12 11 . . . 5 . 8 4 . Brawler 2 | . . . . . 1 . . . . 1 . . . . Duelist 2 | . . . . 1 . 1 . . . . . . . . Sentry 19 | . . . 9 . 7 2 . . . 1 . . . . Hunter 9 | . . . . . 3 1 . . . 1 1 . 3 . Programmer 4 | . . . . . . 3 . . . . 1 . . . Samaritan 3 | . . . . . . . . . . . . 1 2 . Assembled 18 | . . 18 . . . . . . . . . . . . Savage 1 | . . . . . . . . . . . . . 1 . Butcher 4 | . . . . . . . . . . . . . 4 . Mutant 2 | . . . . . . . . . . 1 . . 1 . Best Kill Streak 18 | 2 4 18 8 4 3 7 . 4 . 7 3 6 6 . Combat Bots Only 18 | . 4 18 6 4 3 5 . 4 . 7 1 6 6 . Max Kills in Single Turn 3 | 1 1 3 2 1 2 1 . 3 . 2 1 1 1 . Gunslinging 1 | . . . 1 . 1 . . . . . . . . . Exploded 3 | . . 3 1 . 2 . . 3 . 2 . . . . Melee 1 | . . . . . . . . . . . 1 . . . Uniques/NPCs Destroyed . | . . . . . . . . . . . . . . . Combat | -11 -10 -10 -9 -9 -8 -7 -7 -7 -7 -6 -6 -6 -6 -6 -------- Run | Yrd Mat Min Mat Min Mat Fac Low Low Zio Pro Fac Low Low Dat Hostile Shots Fired 718 | . 67 38 104 27 104 119 . 12 . 44 33 69 54 47 Missed 194 | . 14 13 34 6 33 31 . 2 . 13 6 15 12 15 Hits 524 | . 53 25 70 21 71 88 . 10 . 31 27 54 42 32 Melee 15 | . . 4 . 3 . 7 . . . 1 . . . . Projectile 509 | . 53 21 70 18 71 81 . 10 . 30 27 54 42 32 Critical Strikes 20 | . 1 . 3 1 5 5 . . . 1 2 1 1 . Part Disruptions 3 | . . 1 . . . . . . . . 1 . . 1 Damage Taken 8603 | . 647 540 791 270 790 1164 . 151 . 619 353 1045 752 1481 Core 1384 | . 116 102 85 42 69 57 . . . 38 . 116 56 703 Absorbed by Shields 499 | . . . . . 306 193 . . . . . . . . Core Remaining (%) 70 | 100 . 12 . 68 87 . . . . 86 . . . . Volleys Fired 665 | 2 62 23 63 14 101 67 . 3 . 35 13 29 249 4 Largest 3 | 2 2 2 3 3 3 3 . 3 . 3 3 3 3 2 Hottest 125 | 40 46 46 69 71 100 84 . 84 . 100 84 84 100 125 Shots Fired 1392 | 4 123 33 184 42 289 195 . 5 . 92 27 87 305 6 Gun 1146 | 4 122 19 182 42 285 193 . 3 . 90 26 87 91 2 Cannon 199 | . . . . . . 2 . . . . . . 193 4 Launcher 47 | . 1 14 2 . 4 . . 2 . 2 1 . 21 . Special . | . . . . . . . . . . . . . . . Kinetic 1112 | 4 122 19 182 42 279 193 . 3 . 84 26 87 71 . Thermal 193 | . . . . . . 2 . . . . . . 191 . Explosive 47 | . 1 14 2 . 4 . . 2 . 2 1 . 21 . Electromagnetic 40 | . . . . . 6 . . . . 6 . . 22 6 Robot Hit Streak 27 | 2 15 10 13 21 27 9 . 8 . 8 12 14 15 3 Robot Miss Streak 14 | . 4 3 5 5 5 5 . 1 . 14 3 6 8 2 Penetration Max 1 | . . . . . . 1 . . . 1 1 . . . Secondary Targets 24 | . 3 . 4 4 1 4 . . . 3 . 2 3 . Max Gunslinging Chain 1 | . 1 . 1 1 1 1 . . . 1 . 1 1 . Shots Hit Robots 803 | 2 89 24 113 27 181 117 . 5 . 62 18 78 82 5 Core Hits 509 | 2 33 39 52 9 68 58 . 7 . 42 20 90 89 . Critical Kills 2 | . . . . . 2 . . . . . . . . . Critical Parts Destroyed 2 | . . . 1 . . 1 . . . . . . . . Critical Strikes 4 | . . . 1 . 2 1 . . . . . . . . Destroy 4 | . . . 1 . 2 1 . . . . . . . . Melee Attacks 4 | . . . . . . . . . . . 2 1 . 1 Impact . | . . . . . . . . . . . . . . . Slashing . | . . . . . . . . . . . . . . . Piercing 4 | . . . . . . . . . . . 2 1 . 1 Sneak Attacks 1 | . . . . . . . . . . . . . . 1 Combat Hostiles . | . . . . . . . . . . . . . . . Follow-up Attacks . | . . . . . . . . . . . . . . . Damage Inflicted 15618 | 33 1010 1348 1828 425 2961 2399 . 316 . 1485 534 1609 1522 148 Guns 13212 | 33 1000 127 1695 425 2790 2390 . 29 . 1086 476 1609 1522 30 Cannons 48 | . . . . . . . . . . . . . . 48 Explosions 2235 | . . 1221 120 . 163 . . 287 . 399 45 . . . Melee 70 | . . . . . . . . . . . . . . 70 Ramming 53 | . 10 . 13 . 8 9 . . . . 13 . . . Kinetic 12521 | 33 1000 127 1695 425 2658 2390 . 29 . 962 476 1609 1117 . Thermal . | . . . . . . . . . . . . . . . Explosive 2235 | . . 1221 120 . 163 . . 287 . 399 45 . . . Electromagnetic 739 | . . . . . 132 . . . . 124 . . 405 78 Impact . | . . . . . . . . . . . . . . . Slashing . | . . . . . . . . . . . . . . . Piercing 70 | . . . . . . . . . . . . . . 70 Highest Corruption 3 | . . 3 . . . 3 3 3 3 3 . . . . Average Corruption 2 | . . 3 . . . 2 3 3 3 3 . . . . Corruption Purged . | . . . . . . . . . . . . . . . Corruption Blocked . | . . . . . . . . . . . . . . . Effects 57 | . . 12 . . . 19 7 10 . 9 . . . . Message Errors 19 | . . 3 . . . 7 2 5 . 2 . . . . Matter Fused 10 | . . 3 . . . 4 . 1 . 2 . . . . Heat Flow Errors 11 | . . 3 . . . 1 3 2 . 2 . . . . Energy Discharges 8 | . . . . . . 4 2 . . 2 . . . . Parts Rejected 1 | . . 1 . . . . . . . . . . . . Data Loss (minor) 5 | . . . . . . 3 . 1 . 1 . . . . Data Loss (major) 2 | . . 1 . . . . . 1 . . . . . . Misfires 1 | . . 1 . . . . . . . . . . . . Overload Shots . | . . . . . . . . . . . . . . . Overflow Damage 159 | . . 40 3 . 7 . . . . 51 4 . 44 10 Projectiles . | . . . . . . . . . . . . . . . Explosions 149 | . . 40 3 . 7 . . . . 51 4 . 44 . Melee 10 | . . . . . . . . . . . . . . 10 Knockbacks . | . . . . . . . . . . . . . . . Impact . | . . . . . . . . . . . . . . . Kinetic . | . . . . . . . . . . . . . . . Secondary . | . . . . . . . . . . . . . . . Self-Inflicted Damage 286 | . . 187 . . 30 . . . . 13 . . 56 . Shots 9 | . . 5 . . 1 . . . . 1 . . 2 . Rammed 16 | . 5 . 2 . 2 4 . . . . 3 . . . Targets Rammed 18 | . 6 . 2 . 2 4 . . . . 4 . . . Kicked . | . . . . . . . . . . . . . . . Crushed 2 | . 1 . . . . . . . . . 1 . . . Highest Temperature 471 | . 46 267 25 15 53 72 135 193 . 122 91 471 98 59 Average Temperature 52 | . 13 58 7 7 16 7 69 97 . 31 31 188 33 26 Received Heat Transfer 2060 | . 378 58 285 72 316 351 . . . 126 . 381 93 . Effects 7 | . . . . . . . . . . . . 7 . . Shutdowns 2 | . . . . . . . . . . . . 2 . . Energy Bleed 4 | . . . . . . . . . . . . 4 . . Matter Decay 1 | . . . . . . . . . . . . 1 . . Siege Activations . | . . . . . . . . . . . . . . . Martial Activations . | . . . . . . . . . . . . . . . Shielding Activations . | . . . . . . . . . . . . . . . Robots Disrupted . | . . . . . . . . . . . . . . . Combat Hostiles . | . . . . . . . . . . . . . . . Robots Corrupted 2 | . . . . . 1 . . . . 1 . . . . Combat Hostiles 2 | . . . . . 1 . . . . 1 . . . . Parts Fried 6 | . . . . . 2 . . . . 2 . . 2 . Impact Corruptions . | . . . . . . . . . . . . . . . Robots Melted . | . . . . . . . . . . . . . . . Combat Hostiles . | . . . . . . . . . . . . . . . Parts Melted . | . . . . . . . . . . . . . . . Heat Transferred . | . . . . . . . . . . . . . . . Parts Sabotaged . | . . . . . . . . . . . . . . . Parts Stolen . | . . . . . . . . . . . . . . . Parts Stripped . | . . . . . . . . . . . . . . . Power Chain Reactions 1 | . . . . . . . . . . . . . 1 . Alert | -11 -10 -10 -9 -9 -8 -7 -7 -7 -7 -6 -6 -6 -6 -6 ------- Run | Yrd Mat Min Mat Min Mat Fac Low Low Zio Pro Fac Low Low Dat Maximum Alert Level 2 | . . . 1 . 1 1 . . . . 2 . . . Low Security (%) 76 | 100 100 100 70 100 62 84 . . . . . . . . Level 1 19 | . . . 29 . 37 15 . . . . 11 . . . Level 2 3 | . . . . . . . . . . . 88 . . . Level 3 . | . . . . . . . . . . . . . . . Level 4 . | . . . . . . . . . . . . . . . Level 5 . | . . . . . . . . . . . . . . . High Security . | . . . . . . . . . . . . . . . Max Security . | . . . . . . . . . . . . . . . Peak Influence 534 | 10 70 55 321 156 283 305 . . . . 534 . . . Initial 534 | . . . . 46 . 118 . . . . 534 . . . Average 131 | 1 20 9 172 54 186 94 . . . . 458 . . . Influence Increases 4789 | 10 372 142 851 160 922 622 . 90 . 535 690 210 185 . Destroy 0b10 Robot/C 2900 | . 240 60 560 140 540 440 . 80 . 380 120 200 140 . Destroy 0b10 Robot/NC 170 | 10 20 5 45 . 45 25 . . . 10 10 . . . Destroy Leader 606 | . 56 10 150 20 164 94 . 10 . 40 22 10 30 . Allied During Kill 90 | . . . . . . . . . . 60 30 . . . Successful Hack 154 | . 28 . 58 . 38 30 . . . . . . . . Disable Machine 135 | . 15 15 30 . 30 15 . . . . 30 . . . Destroy Structure 119 | . 13 52 8 . 30 3 . . . . 13 . . . Advance Influence 450 | . . . . . . . . . . . 450 . . . Lose Combat Pursuer 165 | . . . . . 75 15 . . . 45 15 . 15 . Influence Decreases 4789 | 10 372 142 730 281 662 598 276 98 . 401 470 510 239 . Entered New Map 518 | . . . . 75 . 142 106 2 . . 50 132 11 . Time Decay 3553 | 10 352 112 560 206 652 406 170 96 . 303 190 318 178 . Search Patrol Dispatched 150 | . . . . . . . . . . . 150 . . . Lost Part 280 | . 20 30 20 . 10 50 . . . 40 . 60 50 . Lost Ally 138 | . . . . . . . . . . 58 80 . . . Purge Threat 150 | . . . 150 . . . . . . . . . . . Squads Dispatched 19 | . 3 . 1 . 6 6 . . . . 3 . . . Investigation 4 | . 1 . . . 2 1 . . . . . . . . Extermination 5 | . . . . . . 4 . . . . 1 . . . Reinforcement 9 | . 2 . 1 . 3 1 . . . . 2 . . . Assault . | . . . . . . . . . . . . . . . Garrison 1 | . . . . . 1 . . . . . . . . . Intercept . | . . . . . . . . . . . . . . . Searches Triggered 1 | . . . . . . . . . . . 1 . . . Construction Impeded . | . . . . . . . . . . . . . . . Haulers Reinforced 3 | . . . . . . 1 . . . . 2 . . . Active Scanning Responses . | . . . . . . . . . . . . . . . Cargo Convoy Interrupts . | . . . . . . . . . . . . . . . Stealth | -11 -10 -10 -9 -9 -8 -7 -7 -7 -7 -6 -6 -6 -6 -6 --------- Run | Yrd Mat Min Mat Min Mat Fac Low Low Zio Pro Fac Low Low Dat Distress Signals 12 | . 1 . 2 . 4 2 . . . 1 2 . . . Communications Jammed 26 | . . . . . . . . . . . 26 . . . Distress Signals 26 | . . . . . . . . . . . 26 . . . Times Spotted 233 | . 21 25 37 7 45 32 . 4 . 24 9 11 14 4 Peak Tracking Total 11 | . 4 11 5 4 3 7 . 4 . 8 4 7 4 4 Tactical Retreats 9 | . . 1 . . 3 1 . . . 2 1 . 1 . Traps | -11 -10 -10 -9 -9 -8 -7 -7 -7 -7 -6 -6 -6 -6 -6 ------- Run | Yrd Mat Min Mat Min Mat Fac Low Low Zio Pro Fac Low Low Dat Traps Triggered 8 | . 2 . 3 . 1 2 . . . . . . . . Indirectly . | . . . . . . . . . . . . . . . Trap Hack Attempts . | . . . . . . . . . . . . . . . Triggered . | . . . . . . . . . . . . . . . Disarmed 5 | . . . 5 . . . . . . . . . . . Reprogrammed . | . . . . . . . . . . . . . . . Reused . | . . . . . . . . . . . . . . . Traps Extracted . | . . . . . . . . . . . . . . . Installed . | . . . . . . . . . . . . . . . Triggered . | . . . . . . . . . . . . . . . Machines | -11 -10 -10 -9 -9 -8 -7 -7 -7 -7 -6 -6 -6 -6 -6 ---------- Run | Yrd Mat Min Mat Min Mat Fac Low Low Zio Pro Fac Low Low Dat Machines Disabled 14 | . 1 1 2 . 2 1 . . . 4 2 1 . . Max in Single Turn 1 | . 1 1 1 . 1 1 . . . 1 1 1 . . Garrison Access 1 | . . . . . 1 . . . . . . . . . Machines Repaired . | . . . . . . . . . . . . . . . Machines Dismantled . | . . . . . . . . . . . . . . . Machines Sabotaged . | . . . . . . . . . . . . . . . Overloaded Fab Kills . | . . . . . . . . . . . . . . . Hacking | -11 -10 -10 -9 -9 -8 -7 -7 -7 -7 -6 -6 -6 -6 -6 --------- Run | Yrd Mat Min Mat Min Mat Fac Low Low Zio Pro Fac Low Low Dat Machines Accessed 49 | . 8 1 14 1 10 9 . 1 1 . . 1 . 3 Terminals 31 | . 6 . 11 1 7 5 . . . . . 1 . . Fabricators 1 | . . . . . . 1 . . . . . . . . Repair Stations 1 | . . . . . . 1 . . . . . . . . Recycling Units 8 | . 2 . 2 . 2 2 . . . . . . . . Scanalyzers 1 | . . . 1 . . . . . . . . . . . Garrison Access 1 | . . . . . 1 . . . . . . . . . Total Hacks 145 | . 20 1 46 3 23 19 . 1 3 . . 4 . 25 Successful 82 | . 4 1 27 1 10 6 . 1 3 . . 4 . 25 Failed 62 | . 16 . 18 2 13 13 . . . . . . . . Catastrophic 11 | . 4 . 2 . 3 2 . . . . . . . . Database Lockouts 1 | . . . 1 . . . . . . . . . . . Manual 86 | . 18 . 33 . 18 11 . . . . 6 . . . Terminals 93 | . 18 . 39 3 19 10 . . . . . 4 . . Fabricators 2 | . . . . . . 2 . . . . . . . . Repair Stations 2 | . . . . . . 2 . . . . . . . . Recycling Units 12 | . 2 . 3 . 2 5 . . . . . . . . Scanalyzers 4 | . . . 4 . . . . . . . . . . . Garrison Access 2 | . . . . . 2 . . . . . . . . . Terminal Hacks 54 | . 1 1 13 1 3 2 . 1 3 . . 4 . 25 Record 10 | . . . . . . . . . . . . 4 . 6 Part Schematic 15 | . . . 1 . . . . . 3 . . . . 11 Robot Schematic 5 | . . . . . . . . . . . . . . 5 Robot Analysis 2 | . 1 . 1 . . . . . . . . . . . Prototype ID Bank 12 | . . . 7 . 2 . . . . . . . . 3 Open Door 2 | . . 1 . . . . . 1 . . . . . . Open DSF 1 | . . . . . . 1 . . . . . . . . Branch Access Points 3 | . . . 1 . 1 1 . . . . . . . . Unreport Threat 1 | . . . 1 . . . . . . . . . . . Disarm Traps 1 | . . . 1 . . . . . . . . . . . Zone Layout 2 | . . . 1 1 . . . . . . . . . . Fabricator Hacks . | . . . . . . . . . . . . . . . Repair Station Hacks . | . . . . . . . . . . . . . . . Recycling Unit Hacks 4 | . . . 1 . 1 2 . . . . . . . . Retrieve Components 4 | . . . 1 . 1 2 . . . . . . . . Scanalyzer 4 | . . . 4 . . . . . . . . . . . Insert Component 3 | . . . 3 . . . . . . . . . . . Analyze 1 | . . . 1 . . . . . . . . . . . Garrison Access Hacks 1 | . . . . . 1 . . . . . . . . . Seal Access 1 | . . . . . 1 . . . . . . . . . Unauthorized Hacks 19 | . 3 . 9 . 5 2 . . . . . . . . Terminals 19 | . 3 . 9 . 5 2 . . . . . . . . Assimilate 2 | . . . . . 1 1 . . . . . . . . Botnet 8 | . 2 . 3 . 2 1 . . . . . . . . Operators 1 | . . . 1 . . . . . . . . . . . Skim 8 | . 1 . 5 . 2 . . . . . . . . . Fabricators . | . . . . . . . . . . . . . . . Repair Stations . | . . . . . . . . . . . . . . . Recycling Units . | . . . . . . . . . . . . . . . Scanalyzers . | . . . . . . . . . . . . . . . Garrison Access . | . . . . . . . . . . . . . . . Data Cores Recovered . | . . . . . . . . . . . . . . . Used . | . . . . . . . . . . . . . . . Hacking Detections 38 | . 8 . 14 1 7 8 . . . . . . . . Full Trace Events 2 | . . . . . 1 1 . . . . . . . . Feedback Events . | . . . . . . . . . . . . . . . Feedback Blocked . | . . . . . . . . . . . . . . . Robot Schematics Acquired 8 | . . . . . . . . . 3 . . . . 5 Robots Built . | . . . . . . . . . . . . . . . Authchips . | . . . . . . . . . . . . . . . Time . | . . . . . . . . . . . . . . . Total Robot Build Rating . | . . . . . . . . . . . . . . . Part Schematics Acquired 30 | . . . 2 . . . . . 17 . . . . 11 Parts Built . | . . . . . . . . . . . . . . . Authchips . | . . . . . . . . . . . . . . . Time . | . . . . . . . . . . . . . . . Total Part Build Rating . | . . . . . . . . . . . . . . . Parts Repaired . | . . . . . . . . . . . . . . . Time . | . . . . . . . . . . . . . . . Parts Recycled . | . . . . . . . . . . . . . . . Recycled Matter . | . . . . . . . . . . . . . . . Retrieved Matter . | . . . . . . . . . . . . . . . Retrieved Components 22 | . . . 2 . 9 11 . . . . . . . . Parts Scanalyzed 1 | . . . 1 . . . . . . . . . . . Part Schematics Acquired 1 | . . . 1 . . . . . . . . . . . Parts Damaged . | . . . . . . . . . . . . . . . Bothacking | -11 -10 -10 -9 -9 -8 -7 -7 -7 -7 -6 -6 -6 -6 -6 ------------ Run | Yrd Mat Min Mat Min Mat Fac Low Low Zio Pro Fac Low Low Dat Used RIF Installer . | . . . . . . . . . . . . . . . Robots Hacked . | . . . . . . . . . . . . . . . Non-combat . | . . . . . . . . . . . . . . . Combat . | . . . . . . . . . . . . . . . Robot Hacks Applied . | . . . . . . . . . . . . . . . Relay Couplers Released . | . . . . . . . . . . . . . . . Fabnet Peak Effective % . | . . . . . . . . . . . . . . . Robots Rewired . | . . . . . . . . . . . . . . . Allies Hacked 1 | . . . . . . 1 . . . . . . . . Hacks Repelled . | . . . . . . . . . . . . . . . Allies | -11 -10 -10 -9 -9 -8 -7 -7 -7 -7 -6 -6 -6 -6 -6 -------- Run | Yrd Mat Min Mat Min Mat Fac Low Low Zio Pro Fac Low Low Dat Total Allies 9 | . . . . . . 1 . . 4 . 4 . . . Largest Group 4 | . . . . . . 1 . . 4 4 4 . . . Highest-Rated Group 155 | . . . . . . 26 . . 155 155 112 . . . Highest-Rated Ally 41 | . . . . . . 26 . . 41 41 28 . . . Zionite Dispatches 1 | . . . . . . . . . . . 1 . . . Fire 1 | . . . . . . . . . . . 1 . . . Total Orders 4 | . . . . . . 1 . . . 3 . . . . STAY 1 | . . . . . . 1 . . . . . . . . RETURN 3 | . . . . . . . . . . 3 . . . . Ally Attacks 63 | . . . . . . . . . . 47 16 . . . Total Damage 1226 | . . . . . . . . . . 985 241 . . . Kills 12 | . . . . . . . . . . 8 4 . . . Allies Corrupted . | . . . . . . . . . . . . . . . Allies Melted . | . . . . . . . . . . . . . . . Intel | -11 -10 -10 -9 -9 -8 -7 -7 -7 -7 -6 -6 -6 -6 -6 ------- Run | Yrd Mat Min Mat Min Mat Fac Low Low Zio Pro Fac Low Low Dat Active Infowar (turns) 10792 | 8 65 . . . . 1671 . 382 1579 721 397 705 4984 280 Sensors 5534 | . . . . . . 1671 . 382 1579 721 397 704 80 . Terrain 1713 | . . . . . . . . . . 436 397 705 175 . Seismic 73 | 8 65 . . . . . . . . . . . . . Jamming 6491 | . . . . . . . . . . 125 397 705 4984 280 Robot Analysis Total 153 | . 1 . 1 . . . . . . . . . . 151 Derelict Logs Recovered 10 | . . 1 . 1 . . 1 1 1 2 . 1 2 . Drone Launches 3 | . . . . . . . . . . 3 . . . . Drone Recoveries 3 | . . . . . . . . . . 3 . . . . Zionite Intel Received 1 | . . . . . . . . . . . 1 . . . Active Garrisons 1 | . . . . . . . . . . . 1 . . . Exploration | -11 -10 -10 -9 -9 -8 -7 -7 -7 -7 -6 -6 -6 -6 -6 ------------- Run | Yrd Mat Min Mat Min Mat Fac Low Low Zio Pro Fac Low Low Dat Turns Passed 18428 | 64 1269 608 1783 606 2515 1972 344 583 1579 721 397 705 4988 294 Spaces Moved 8597 | 34 598 338 917 327 889 900 212 347 954 369 205 365 2014 128 Core 27 | 7 . . . . . . . . . . . . . 20 Treads 8570 | 27 598 338 917 327 889 900 212 347 954 369 205 365 2014 108 Legs . | . . . . . . . . . . . . . . . Wheels . | . . . . . . . . . . . . . . . Hover . | . . . . . . . . . . . . . . . Flight . | . . . . . . . . . . . . . . . Fastest Speed 50 | 50 160 160 160 170 170 160 163 163 163 158 161 161 167 50 Average Speed 189 | 137 172 160 161 170 243 188 163 163 163 159 162 165 222 215 Slowest Speed 250 | 160 240 160 170 170 250 250 163 163 163 163 241 170 246 246 Overloaded Moves . | . . . . . . . . . . . . . . . Propulsion Burnouts . | . . . . . . . . . . . . . . . Robots Hopped . | . . . . . . . . . . . . . . . Potential Cave-ins . | . . . . . . . . . . . . . . . Cave-ins Triggered . | . . . . . . . . . . . . . . . Exploration Rate (%) 60 | 4 86 68 89 93 71 24 41 52 88 57 6 50 95 77 Regions Visited 14 Branch Regions 9 Pre-discovered Areas 33 | . . 2 2 . . . . . 1 . . . . 28 Known Exits Taken 8 | . . . 1 1 . 1 1 1 1 1 1 . . . Unknown Exits Taken 6 | 1 1 1 . . 1 . . . . . . 1 1 . Scrap Searched 18 | . . . . . . . . 4 3 2 . 4 5 . Spaces Dug 352 | . . . . . 8 . . . . . 13 . 331 . Terrain Destroyed 653 | . 13 82 7 . 27 . . 24 . 22 13 . 465 . Melee 2 | . . . . . . . . . . . 2 . . . Projectile 141 | . . . . . . . . . . . . . 141 . AOE 510 | . 13 82 7 . 27 . . 24 . 22 11 . 324 . Terrain Rammed . | . . . . . . . . . . . . . . . Walls Destroyed . | . . . . . . . . . . . . . . . Machines Disabled . | . . . . . . . . . . . . . . . Actions | -11 -10 -10 -9 -9 -8 -7 -7 -7 -7 -6 -6 -6 -6 -6 --------- Run | Yrd Mat Min Mat Min Mat Fac Low Low Zio Pro Fac Low Low Dat Total 9829 | 44 725 375 1113 359 1068 1045 211 361 980 439 243 410 2316 140 Wait 219 | . 23 1 67 4 33 30 . . 21 10 13 2 12 3 Move 8583 | 33 597 337 916 326 888 899 211 346 953 368 204 364 2013 128 Hop . | . . . . . . . . . . . . . . . Pick Up 82 | 2 15 1 12 4 12 13 . 2 2 3 . 6 10 . Fast Attach 35 | 7 3 3 8 2 1 4 . 1 . 1 . . 5 . Attach 40 | . 1 4 4 . 2 9 . 2 . 5 2 6 5 . Detach 3 | . . 1 . . . 1 . . . 1 . . . . Swap 96 | . 10 2 20 2 15 9 . 3 1 10 5 2 16 1 Drop 84 | . 8 3 21 7 14 9 . 4 3 6 . . 6 3 Fire 665 | 2 62 23 63 14 101 67 . 3 . 35 13 29 249 4 Melee 4 | . . . . . . . . . . . 2 1 . 1 Ram . | . . . . . . . . . . . . . . . Kick . | . . . . . . . . . . . . . . . Crush 18 | . 6 . 2 . 2 4 . . . . 4 . . . Escape Stasis . | . . . . . . . . . . . . . . . Rewire . | . . . . . . . . . . . . . . . Trap . | . . . . . . . . . . . . . . . Miscellaneous . | . . . . . . . . . . . . . . . Route ------- -11/Scrapyard -10/Materials (discovered 4 exits: *Mat x2 / *Min / [*Sub]) -10/Mines (discovered 2 exits: *Mat / [*Exi]) -9/Materials (discovered 5 exits: *Mat x3 / *Min x2) -9/Mines (discovered 3 exits: *Mat x2 / *Zio) -8/Materials (discovered 2 exits: *Fac x2) -7/Factory (discovered 4 exits: *Fac / Sto / *Low x2) -7/Lower Caves -7/Lower Caves (discovered 2 exits: *Fac / *Zio) -7/Zion -6/Proximity Caves -6/Factory (discovered 2 exits: *Low x2) -6/Lower Caves -6/Lower Caves (discovered 2 exits: [*Fac] / *Dat) -6/Data Miner (discovered 1 exit: [*Pro]) History --------- Turn | Location | Event 11 | -11/Scrapyard | Discovered new exit (range 15) 65 | -11/Scrapyard | Entered Materials 303 | -10/Materials | Build established: Mutant 497 | -10/Materials | Discovered new exit (range 5) 534 | -10/Materials | Discovered new exit (range 15) 624 | -10/Materials | Discovered new exit (range 9) 962 | -10/Materials | Discovered new exit (range 10) 1334 | -10/Materials | Entered Mines 1346 | -10/Mines | Met a Derelict bent on vengeance 1380 | -10/Mines | Assembled infested the area 1406 | -10/Mines | Core integrity fell below 50% 1429 | -10/Mines | Core integrity fell below 20% 1451 | -10/Mines | Destroyed 18 combat bots 1456 | -10/Mines | Lost 3 parts (1p1u1w) 1744 | -10/Mines | Learned location of Storage (-7) 1818 | -10/Mines | Deemed a non-threat by the Exiles lab entrance 1818 | -10/Mines | Discovered new exit (range 5) 1862 | -10/Mines | Found the Drone Emporium 1870 | -10/Mines | Found Prototype Device 1870 | -10/Mines | Identified Thief Drone Bay 1911 | -10/Mines | Discovered new exit (range 7) 1942 | -10/Mines | Entered Materials 1942 | -9/Materials | Evolved 2 slots: Propulsion x1, Weapon x1 2250 | -9/Materials | Build established: Gunner 2359 | -9/Materials | Identified exit to Mines 2377 | -9/Materials | Discovered new exit (range 10) 2720 | -9/Materials | Discovered new exit (range 9) 3021 | -9/Materials | Loaded intel: 12 terminal locations 3123 | -9/Materials | Identified exit to Materials 3181 | -9/Materials | Learned location of 1 exit from Storage 3197 | -9/Materials | Learned Storage terminal intel 3261 | -9/Materials | Learned location of Recycling (-7) 3501 | -9/Materials | Central database locked down 3725 | -9/Materials | Entered Mines 3801 | -9/Mines | Learned Materials garrison access intel 3907 | -9/Mines | Found a damaged Exp. Sensor Array with a note attached 3911 | -9/Mines | Found Prototype Device 3997 | -9/Mines | Received a Rocket Launcher from a helpful Derelict 4118 | -9/Mines | Discovered exit to Materials (range 9) 4130 | -9/Mines | Joined a pair of Derelicts in attacking an 0b10 outpost 4222 | -9/Mines | A Derelict revealed a hidden shortcut to a safe place 4284 | -9/Mines | Discovered exit to Materials (range 7) 4331 | -9/Mines | Entered Materials 4331 | -8/Materials | Evolved 2 slots: Utility x2 4332 | -8/Materials | Loaded intel: 1 garrison access location 4352 | -8/Materials | Garrison activated, responded to threat 5266 | -8/Materials | Discovered new exit (range 14) 5995 | -8/Materials | Discovered new exit (range 16) 6846 | -8/Materials | Entered Factory 6846 | -7/Factory | Evolved 2 slots: Utility x2 6846 | -7/Factory | Identified Exp. Sensor Array 6847 | -7/Factory | Identified exit to Storage 6973 | -7/Factory | Identified exit to Lower Caves 7103 | -7/Factory | Identified exit to DSF 7152 | -7/Factory | Build established: Skirmisher 8104 | -7/Factory | Discovered new exit (range 16) 8126 | -7/Factory | Identified exit to Factory 8818 | -7/Factory | Entered Lower Caves 8823 | -7/Lower Caves | Learned 4 Factory zone layouts 8864 | -7/Lower Caves | Build established: Scavenger-Gunner 8952 | -7/Lower Caves | Encountered a Warlord checkpoint 9127 | -7/Lower Caves | Discovered new exit (range 13) 9161 | -7/Lower Caves | Identified exit to Lower Caves 9162 | -7/Lower Caves | Entered another Lower Caves area 9195 | -7/Lower Caves | Discovered exit to Factory (range 8) 9303 | -7/Lower Caves | Learned Factory non-interactive machine intel 9576 | -7/Lower Caves | Discovered new exit (range 7) 9584 | -7/Lower Caves | Identified exit to Zion 9662 | -7/Lower Caves | Build established: Skirmisher 9745 | -7/Lower Caves | Entered Zion 9768 | -7/Zion | Given A8's code to call for help 9790 | -7/Zion | Given the Hacking Drone Bay 9825 | -7/Zion | System corruption cleaned by Quarantine Array 9871 | -7/Zion | Discovered new exit (range 11) 10138 | -7/Zion | Learned 4 Factory zone layouts 10160 | -7/Zion | Received a visual enhancement algorithm 10238 | -7/Zion | Learned location of Data Miner (-6) 10751 | -7/Zion | Found CR-A16's Pointy Stick 11008 | -7/Zion | Met Imprinter 11034 | -7/Zion | Imprinted 11036 | -7/Zion | Declared Zion's savior 11300 | -7/Zion | Identified exit to Proximity Caves 11324 | -7/Zion | Entered Proximity Caves 11324 | -6/Proximity Caves | Accompanied by 4 allies 11327 | -6/Proximity Caves | Spotter reported a threat 11489 | -6/Proximity Caves | Spotter reported a threat 11508 | -6/Proximity Caves | Learned Factory stockpile data 11518 | -6/Proximity Caves | Learned Factory stockpile data 11542 | -6/Proximity Caves | Spotter reported a threat 11561 | -6/Proximity Caves | Attracted the attention of an 0b10 base 11605 | -6/Proximity Caves | Lost 4 allies 11637 | -6/Proximity Caves | Destroyed 7 combat bots 11958 | -6/Proximity Caves | Discovered exit to Factory (range 6) 12045 | -6/Proximity Caves | Entered Factory 12045 | -6/Factory | Evolved 2 slots: Power x1, Propulsion x1 12046 | -6/Factory | Identified exit to Lower Caves 12048 | -6/Factory | Loaded intel: 179 non-interactive machine locations 12242 | -6/Factory | Retrieved Zion intel report: Active Garrisons 12243 | -6/Factory | Zion Fire squad teleported in 12344 | -6/Factory | Build established: Scavenger-Skirmisher 12395 | -6/Factory | Search patrols dispatched 12434 | -6/Factory | Lost 4 allies 12442 | -6/Factory | Entered Lower Caves 12558 | -6/Lower Caves | Encountered a Warlord checkpoint 12868 | -6/Lower Caves | Attracted the attention of an 0b10 base 12918 | -6/Lower Caves | Lost 4 parts (1p1n1u1w) 12933 | -6/Lower Caves | Learned Research emergency access door positions 12933 | -6/Lower Caves | Learned Armory terminal intel 12967 | -6/Lower Caves | Build established: Skirmisher 13107 | -6/Lower Caves | Learned Factory security intel 13108 | -6/Lower Caves | Discovered new exit (range 12) 13147 | -6/Lower Caves | Entered another Lower Caves area 13196 | -6/Lower Caves | Discovered new exit (range 12) 13262 | -6/Lower Caves | Lost 3 parts (1p1u1w) 13544 | -6/Lower Caves | Build established: Scavenger-Gunner 13945 | -6/Lower Caves | Learned Factory trap positions 14870 | -6/Lower Caves | Attacked by a faux Warlord 15275 | -6/Lower Caves | Discovered new exit (range 16) 17637 | -6/Lower Caves | Found Alien Artifact 17637 | -6/Lower Caves | Identified Core Expander 17637 | -6/Lower Caves | Installed Core Expander, added new Weapon slot 18135 | -6/Lower Caves | Entered Data Miner 18135 | -6/Data Miner | Discovered new exit (range 6) 18182 | -6/Data Miner | Met Data Miner 18224 | -6/Data Miner | Learned location of Section 7 (-3) 18224 | -6/Data Miner | Acquired the access code to Warlord's prototype stash 18263 | -6/Data Miner | Received God Mode back door access code from Data Miner 18391 | -6/Data Miner | Interfaced with the Data Conduit 18419 | -6/Data Miner | Core integrity fell below 50% 18426 | -6/Data Miner | Core integrity fell below 20% 18429 | -6/Data Miner | Destroyed by Enhanced Grunt with Neutron Cannon Last Messages --------------- Downloaded 773 prototype IDs. Downloaded central machine database. Downloaded 27 destinations. Downloaded encryption format records. Connection remotely terminated. 18405_ Arm. Treads destroyed. 18407_ Hvy. EM Shotgun destroyed. 18408_ Med. Treads destroyed. 18410_ Imp. Deuterium Engine destroyed. 18411_ Hvy. EM Shotgun destroyed. 18412_ Carbon-fiber Leg destroyed. 18412_ Angular Momentum Engine destroyed. 18412_ Arm. Treads destroyed. 18414_ Dropped Hcp. Storage Unit. 18417_ Imp. Particle Charger destroyed. 18417_ Dropped Proton Cannon. 18419_ Dropped CR-A16's Pointy Stick. 18420_ Adv. Heat Sink destroyed. 18423_ Weapon Cycler destroyed. 18429_ Transmission Jammer destroyed. Map ----- +----------------------------------------------------+ | | | | | | | | | | | | | | | | | | | | | | | | | | | | | | | | | | | ????????????????????????????????????????? | | ????????????????????????????????????????? | | ????????????????????????????????????????? | | ????????????????????????????????????????? | | ????????????????????????????####????????? | | ############????#########?### #????????? | | """""""! ""###### # # # ### #????????? | | """*!![! "" ""# # # # ## < ##????????? | | """*[[!]/ g @ ######???? | | ][[!! g g #???? | | " [ g #???? | | #???? | | " ##???? | | " """"""""""""""""#####????? | | "" """"###############????????? | | "" """""###??????????????????????? | | """" "#####????????????????????????? | | ###"## "#????????????????????????????? | | ??#"### "#????????????????????????????? | | ??#"### "#????????????????????????????? | | ??#"?# "#????????????????????????????? | | ????## "#????????????????????????????? | | ????# "#????????????????????????????? | | ????### "#????????????????????????????? | | ??????# "##???????????????????????????? | | ?????## ""#???????????????????????????? | | ????## ""#???????????????????????????? | | ?##"#"X ""#???????????????????????????? | | ?""""" "####????????????????????????? | | ?""""" X"""""????????????????????????? | | ?##"#"X "##"#????????????????????????? | | ??#"## X""""#????????????????????????? | | ?????## "##"#????????????????????????? | +----------------------------------------------------+ Best States ------------- Heat Dissipation 62 Energy Generation 31 Energy Capacity 490 Matter Stores 300 Matter Capacity 300 Sight Range 16 Robot Scan Range 20 Terrain Scan Range 16 Terrain Scan Density 10 Jamming Range 12 Armor Coverage 150 Weapon Cycling 15 Evasion (%) 40 Targeting Accuracy 6 Recoil Reduction 4 Particle Charging 20 Item Schematics ----------------- Seismic Detector | -9/Materials | Scanalyzed Plasma Cutter | -9/Materials | Hacked Adv. Signal Interpreter | -7/Zion | Archive Shock Absorption System | -7/Zion | Archive EM Shield | -7/Zion | Archive Remote Datajack | -7/Zion | Archive Imp. Particle Charger | -7/Zion | Archive Recalibrator | -7/Zion | Archive System Restoration Module | -7/Zion | Archive Thermic Laser | -7/Zion | Archive Gauss Cannon | -7/Zion | Archive Adv. Cooling System | -7/Zion | Archive KE Penetrator | -7/Zion | Archive Flak Gun | -7/Zion | Archive Adv. ECM Suite | -7/Zion | Archive Hvy. Machine Gun | -7/Zion | Archive Riot Gun | -7/Zion | Free Hvy. Riot Gun | -7/Zion | Free Ripper | -7/Zion | Free Lgt. Regenerative Plating | -6/Data Miner | Free Combat Drone Bay | -6/Data Miner | Free Enh. Armored Leg | -6/Data Miner | Free Imp. Energy Well | -6/Data Miner | Free Cld. Plasma Rifle | -6/Data Miner | Free Impulse Thruster | -6/Data Miner | Free Adv. Hardlight Generator | -6/Data Miner | Free Dispersion Rifle | -6/Data Miner | Free Arm. Medium Treads | -6/Data Miner | Free Adv. Power Amplifier | -6/Data Miner | Free Impulse Thruster Array | -6/Data Miner | Free Robot Schematics ------------------ G-47 Trooper | -7/Zion | Archive T-07 Excavator | -7/Zion | Archive R-06 Scavenger | -7/Zion | Archive L-41 Fighter | -6/Data Miner | Free R-10 Processor | -6/Data Miner | Free Y-54 Guardian | -6/Data Miner | Free X-72 Disruptor | -6/Data Miner | Free Y-64 Sentinel | -6/Data Miner | Free Fabricated ------------ Nothing Repaired ---------- Nothing Alien Tech Used ----------------- Core Expander Achievements -------------- Exterminator Challenges ------------ None Game ------ Seed CentriumSegregatorFalx Manual? 0 Play Time 01:26:52 Cumulative 208.1 hours Start 2025.08.24 @ 19:53:33 End 2025.08.24 @ 21:27:55 Sessions 3 Manual Loads 0 Difficulty Rogue Special Mode None Game No. 172 Rogue 172 Adventurer 0 Explorer 0 Win Type - Total 6 Types 4/0/1/1/0/0/0/0/0/0 Lore% 81 Gallery% 72 Achievement% 68 Wizard Run 0 Options --------- Layout 1 ASCII 0 Keyboard 0 Movement Numpad Keybinds 0 Fullscreen 1 Font 24/Smallcaps Map View 50x35 Zoom Use 0% Tactical HUD 1 Map Filters NONE Filters NONE Steam 1 RUN: dcc108ce-5e23-40f8-80c2-ac2c8cb3510e